 Dungeon Crawl Stone Soup version 0.31-a0-152-g6aa68a64a1 (webtiles) character file.

Game seed: 2577382688221572274

144 qw the Shooter (level 5, -2/49 HPs)
             Began as a Naga Hunter on June 9, 2023.
             Slain by a gnoll
             ... wielding a +0 whip
             ... led by a gnoll bouda
              (3 damage)
             ... on level 4 of the Dungeon.
             The game lasted 00:00:51 (2121 turns).

qw the Shooter (Naga Hunter)                        Turns: 2121, Time: 00:00:52

Health: -2/49      AC:  6    Str: 13    XL:     5   Next: 27%
Magic:  5/5        EV:  9    Int:  9    God:
Gold:   288        SH:  0    Dex: 17    Spells: 4/4 levels left

rFire   . . .        Y - +0 shortbow
rCold   . . .        (shield currently unavailable)
rNeg    . . .        c - +0 leather armour
rPois   +            (no helmet)
rElec   .            k - +2 cloak
rCorr   .            (no gloves)
SInv    +            (no barding)
Will    .....        (no amulet)
Stlth   ++           (no ring)
HPRegen 0.28/turn    (no ring)
MPRegen 0.09/turn

%: no passive effects
@: about to teleport, short of breath, weakened, very slow
A: AC +1, large, see invisible, deformed body, poison resistance, slowness 2,
spit poison 1, naga tail 1
a: Spit Poison


You were on level 4 of the Dungeon.
You visited 1 branch of the dungeon, and saw 4 of its levels.

You collected 288 gold pieces.


Innate Abilities, Weirdness & Mutations

Your serpentine skin is tough. (AC +1)
You have supernaturally acute eyesight. (SInv)
Armour fits poorly on your strangely shaped body.
Your system is resistant to poisons. (rPois)
You cover ground very slowly.
You can spit poison.
You have a snake-like lower body.


   Skills:
 - Level 3.0 Fighting
 + Level 5.4 Ranged Weapons
 - Level 1.5 Dodging
 - Level 1.5 Stealth


You had 4 spell levels left.
You didn't know any spells.
Your spell library was empty.

Inventory:

Hand Weapons
 Y - a +0 shortbow (weapon)
Armour
 c - a +0 leather armour (worn)
 k - a +2 cloak (worn)
Scrolls
 a - 2 scrolls of teleportation
 h - a scroll of identify
 j - a scroll of poison {unknown}
Potions
 b - 2 potions of resistance {unknown}
 d - a potion of brilliance {unknown}
 e - a potion of enlightenment {unknown}
 f - 2 potions of curing
 g - a potion of mutation {unknown}
 i - a potion of attraction {unknown}

Dungeon Overview and Level Annotations

Branches:
Dungeon (4/15)
 Temple: D:4-7

Altars:


Message History

The gnoll hits you from afar with a +0 spear.
You shoot an arrow.
The arrow hits the gnoll bouda but does no damage.
The gnoll hits you with a +0 whip.
The gnoll bouda gazes fiercely through you!
You feel as though you will be weak longer.
The gnoll bouda barely misses you. The kobold hits you but does no damage.
The gnoll hits you but does no damage.
You shoot an arrow. The arrow hits the gnoll bouda.
The gnoll bouda is moderately wounded.
The gnoll hits you but does no damage. The gnoll bouda barely misses you.
The kobold barely misses you. The gnoll closely misses you.
You shoot an arrow. The arrow hits the gnoll bouda.
The gnoll bouda is heavily wounded.
The gnoll hits you with a +0 whip.
The gnoll bouda hits you with a +0 whip!
The kobold barely misses you.
The gnoll hits you from afar with a +0 spear.
2119 ||| READING 3 scrolls of teleportation.
As you read the scroll of teleportation, it crumbles to dust.
You feel strangely unstable.
You have got your breath back.
The gnoll is no longer moving quickly.
The gnoll hits you with a +0 whip!
The gnoll bouda barks out a call to the hunt!
The gnoll picks up the pace!
The kobold misses you. The gnoll hits you but does no damage.
2120 ||| INVOKING Spit Poison.
Aiming: Spit Poison (1% risk of failure)
Press: ? - help, Shift-Dir - straight line, f/p - gnoll bouda The splash of poison hits the gnoll bouda.
The gnoll bouda is severely wounded.
The gnoll is no longer moving quickly.
The gnoll hits you but does no damage.
The gnoll bouda barks out a call to the hunt!
The gnoll picks up the pace!
The kobold closely misses you.
The gnoll hits you from afar with a +0 spear.
You shoot an arrow.
The arrow closely misses the gnoll bouda.
The gnoll hits you with a +0 whip.
You die...

..# ........# #.#
........# #.# ..))....#
#.#
........######.########
...........<...........
........###.##.########
.....ggK# #.##.#
.....)g@###.##.########
........'...##..[.....#
........###.###.......#
#######.# #.#.#.......#
#.###.#.#.......#
#.#.....#.......#
#.......'.......+
####....#.......#
##.#.###...###


You could see a gnoll bouda, 2 gnolls and a kobold.

Vanquished Creatures
  An orc wizard (D:3)
  3 gnolls (D:4)
  2 adders
  A worm (D:2)
  2 dart slugs
  3 orcs (D:3)
  6 ball pythons
  5 endoplasms
  4 giant cockroaches
  4 goblins
  10 hobgoblins
  2 jackals (D:1)
  4 quokkas
  3 bats
  A frilled lizard (D:3)
  4 kobolds
  6 rats
61 creatures vanquished.

Notes
Turn   | Place    | Note
-------+----------+-------------------------------------------
     0 | D:1      | qw the Naga Hunter began the quest for the Orb.
     0 | D:1      | Reached XP level 1. HP: 19/19 MP: 1/1
     0 | D:1      | 0 ||| qw: Version: 0.2-a-122-gbc61b45
     0 | D:1      | 0 ||| qw: Game counter: 3424
     0 | D:1      | 0 ||| qw: Always use a shield: true
     0 | D:1      | 0 ||| qw: God list: Okawaru
     0 | D:1      | 0 ||| qw: Allow faded altars: false
     0 | D:1      | 0 ||| qw: Do Orc after D:15 true
     0 | D:1      | 0 ||| qw: Do second Lair branch before Depths: true
     0 | D:1      | 0 ||| qw: Lair rune preference: random
     0 | D:1      | 0 ||| qw: Plans: Normal
     0 | D:1      | 0 ||| PLANNING D:1-11
     4 | D:1      | 4 ||| INVOKING Spit Poison.
    33 | D:1      | 33 ||| INVOKING Spit Poison.
   102 | D:1      | 102 ||| INVOKING Spit Poison.
   108 | D:1      | 108 ||| INVOKING Spit Poison.
   109 | D:1      | Reached skill level 4 in Ranged Weapons
   109 | D:1      | Reached XP level 2. HP: 25/26 MP: 2/2
   127 | D:1      | 127 ||| INVOKING Spit Poison.
   352 | D:1      | 352 ||| INVOKING Spit Poison.
   357 | D:1      | 357 ||| INVOKING Spit Poison.
   358 | D:1      | 358 ||| INVOKING Spit Poison.
   401 | D:1      | 401 ||| INVOKING Spit Poison.
   405 | D:1      | 405 ||| INVOKING Spit Poison.
   451 | D:1      | 451 ||| INVOKING Spit Poison.
   591 | D:1      | 591 ||| INVOKING Spit Poison.
   599 | D:1      | 599 ||| INVOKING Spit Poison.
   604 | D:1      | 604 ||| INVOKING Spit Poison.
   607 | D:1      | 607 ||| INVOKING Spit Poison.
   617 | D:1      | 617 ||| INVOKING Spit Poison.
   653 | D:1      | 653 ||| UPGRADING to +0 cloak.
   658 | D:1      | 658 ||| READING 2 scrolls labelled DIOSUON XEIRGH.
   661 | D:1      | 661 ||| READING scroll labelled SUOT AGHUSM.
   662 | D:1      | 662 ||| READING scroll labelled SOLEQI FIAPOC.
   663 | D:1      | 663 ||| READING scroll labelled DESHRE IHAABE.
   664 | D:1      | 664 ||| DROPPING scroll of butterflies.
   681 | D:2      | Reached XP level 3. HP: 32/32 MP: 3/3
   734 | D:2      | 734 ||| INVOKING Spit Poison.
   788 | D:2      | 788 ||| INVOKING Spit Poison.
   858 | D:2      | 858 ||| INVOKING Spit Poison.
   864 | D:2      | 864 ||| INVOKING Spit Poison.
   869 | D:2      | 869 ||| INVOKING Spit Poison.
   873 | D:2      | 873 ||| INVOKING Spit Poison.
   976 | D:2      | 976 ||| INVOKING Spit Poison.
   983 | D:2      | 983 ||| INVOKING Spit Poison.
   993 | D:2      | 993 ||| INVOKING Spit Poison.
  1005 | D:2      | 1005 ||| INVOKING Spit Poison.
  1030 | D:2      | 1030 ||| INVOKING Spit Poison.
  1086 | D:2      | 1086 ||| INVOKING Spit Poison.
  1091 | D:2      | 1091 ||| INVOKING Spit Poison.
  1098 | D:2      | 1098 ||| INVOKING Spit Poison.
  1236 | D:2      | 1236 ||| INVOKING Spit Poison.
  1237 | D:2      | Reached skill level 5 in Ranged Weapons
  1237 | D:2      | Reached XP level 4. HP: 39/39 MP: 4/4
  1268 | D:2      | 1268 ||| READING scroll labelled IJIMAS USUFA.
  1288 | D:3      | 1288 ||| INVOKING Spit Poison.
  1298 | D:3      | 1298 ||| INVOKING Spit Poison.
  1304 | D:3      | 1304 ||| INVOKING Spit Poison.
  1311 | D:3      | 1311 ||| INVOKING Spit Poison.
  1397 | D:3      | 1397 ||| INVOKING Spit Poison.
  1400 | D:3      | Reached skill level 3 in Fighting
  1434 | D:3      | 1434 ||| INVOKING Spit Poison.
  1463 | D:3      | 1463 ||| INVOKING Spit Poison.
  1515 | D:3      | 1515 ||| INVOKING Spit Poison.
  1518 | D:3      | 1518 ||| INVOKING Spit Poison.
  1607 | D:3      | 1607 ||| INVOKING Spit Poison.
  1653 | D:3      | 1653 ||| INVOKING Spit Poison.
  1698 | D:3      | 1698 ||| INVOKING Spit Poison.
  1761 | D:3      | 1761 ||| INVOKING Spit Poison.
  1776 | D:3      | 1776 ||| INVOKING Spit Poison.
  1895 | D:3      | 1895 ||| INVOKING Spit Poison.
  1988 | D:3      | 1988 ||| INVOKING Spit Poison.
  1992 | D:3      | Reached XP level 5. HP: 49/49 MP: 5/5
  2000 | D:3      | 2000 ||| UPGRADING to +2 cloak.
  2010 | D:3      | 2010 ||| DROPPING +0 cloak.
  2011 | D:3      | 2011 ||| READING scroll labelled NOOLU KOMMYPP.
  2012 | D:3      | 2012 ||| DRINKING 3 amethyst potions.
  2106 | D:4      | 2106 ||| INVOKING Spit Poison.
  2109 | D:4      | 2109 ||| INVOKING Spit Poison.
  2115 | D:4      | 2115 ||| INVOKING Spit Poison.
  2118 | D:4      | HP: 11/49 [gnoll/+0 spear[a gnoll bouda] (2)]
  2119 | D:4      | 2119 ||| READING 3 scrolls of teleportation.
  2119 | D:4      | HP: 3/49 [gnoll/+0 whip[a gnoll bouda] (8)]
  2120 | D:4      | 2120 ||| INVOKING Spit Poison.
  2120 | D:4      | HP: 1/49 [gnoll/+0 spear[a gnoll bouda] (3)]
  2121 | D:4      | Slain by a gnoll

Levels and vault maps discovered:
D:1:      reono_arrival_forest_river, layout_basic, minmay_pentomino_v4
D:2:      layout_rooms, palyth_stone_intersect
D:3:      layout_loops_ring, dreamdust_wishing_well
D:4:      layout_basic, kennysheep_mini, saegor_snake_ambush

Skill      XL: |  1  2  3  4 |
---------------+-------------+-----
Ranged Weapons | 4 5 |  5.4
Fighting       | 3 |  3.0
Dodging        | |  1.5
Stealth        | |  1.5

Action                     |  1- 3 |  4- 6 || total
---------------------------+-------+-------++-------
   Fire: Shortbow          |    82 |    47 ||   129
Ability: Spit Poison       |    30 |    20 ||    50
    Use: Scroll            |     4 |     3 ||     7
         Potion            |       |     1 ||     1
 Armour: Leather armour    |    12 |     9 ||    21
  Dodge: Dodged            |    21 |    16 ||    37

Table legend:
 A = Non-vault XP
 B = Vault XP
 C = Vault XP percentage of total XP
 D = Non-vault monster count
 E = Vault monster count
 F = Vault count percentage of total count
                 A         B        C        D         E       F
            +---------+---------+-------+---------+---------+-------
      Total |     200 |       7 |   3.4 |      58 |       3 |   4.9
            +---------+---------+-------+---------+---------+-------
        D:1 |      26 |       7 |  21.2 |      16 |       3 |  15.8
        D:2 |      49 |       0 |   0.0 |      18 |       0 |   0.0
        D:3 |      84 |       0 |   0.0 |      21 |       0 |   0.0
        D:4 |      41 |       0 |   0.0 |       3 |       0 |   0.0
            +---------+---------+-------+---------+---------+-------
